AoeStats
← clf730928

Black Forest

509666803Analyzed
2v2 RM · 4d ago on Sep 27, 2026· 45m 0s· 4 players
Game mode
Random Map
Map size
Medium (4 player)
Population
200
Speed
Normal
Resources
Standard
Victory
Conquest
Starting age
Dark Age
Ending age
Imperial Age
RankedLock teamsTeams togetherTeam positionsShared explorationLock speedFull tech treeHidden civsTurbo modeCheats
Victory
Defeat
🇩🇪 Japanese · Germany
866
+13
🇹🇼 Spanish · Taiwan
863
+14
🇩🇪 Persians · Germany
908
-17
🇩🇪 Khmer · Germany
712
-10
clf730928
0:28 Loom
15:06 Feudal Age
16:25 Double-Bit Axe
19:02 Castle Age
17:37 Stone Mining
18:49 Gold Mining
21:55 Horse Collar
31:42 Town Watch
35:25 Wheelbarrow
38:42 Imperial Age
36:30 Hand Cart
37:35 Stone Shaft Mining
36:53 Fletching
37:09 Scale Barding Armor
37:04 Scale Mail Armor
37:15 Forging
38:10 Husbandry
38:21 Bloodlines
39:32 Bow Saw
39:51 Pikeman
40:16 Arson
40:32 Squires
40:18 Gambesons
41:43 Conscription
40:46 Halberdier
44:57 Two-Man Saw
Papaya_Banana91
0:56 Loom
13:36 Feudal Age
14:25 Double-Bit Axe
14:22 Horse Collar
15:01 Fishing Lines
23:34 Castle Age
24:48 Forging
24:38 Scale Mail Armor
24:44 Scale Barding Armor
24:39 Padded Archer Armor
24:30 Fletching
26:20 Bow Saw
27:55 Gillnets
28:52 Wheelbarrow
28:02 Town Watch
28:44 Ballistics
28:39 Bloodlines
28:30 Husbandry
28:29 Bodkin Arrow
28:49 Leather Archer Armor
28:55 Chain Barding Armor
30:08 Fortified Wall
30:17 Gold Mining
30:42 Caravan
31:43 Iron Casting
31:24 Chain Mail Armor
31:20 Gambesons
31:35 Squires
31:20 Arson
32:26 Thumb Ring
35:17 Hand Cart
35:00 Murder Holes
38:03 Imperial Age
35:40 Pikeman
37:52 Masonry
39:00 Bracer
39:16 Onager
39:25 Elite Samurai
41:46 Plate Mail Armor
43:18 Chemistry
plaincode
12:40 Feudal Age
13:25 Loom
15:33 Double-Bit Axe
19:13 Castle Age
22:08 Gold Mining
22:03 Horse Collar
28:09 Imperial Age
29:49 Fletching
33:46 Bodkin Arrow
35:16 Heavy Scorpion
37:05 Chemistry
37:17 Ballistics
37:04 Bracer
Zugzwangmeister
0:48 Loom
12:55 Feudal Age
16:36 Castle Age
14:42 Double-Bit Axe
18:52 Horse Collar
20:21 Heavy Plow
25:02 Gold Mining
28:57 Forging
29:44 Bloodlines
30:00 Scale Barding Armor
31:29 Bow Saw
31:17 Stone Mining
36:05 Imperial Age
37:47 Two-Man Saw
36:13 Cavalier
39:00 Iron Casting
41:25 Crop Rotation
43:04 Chemistry
Connection lost

Rejoining the realm…

Still unreachable

The connection could not be restored.

Session expired

The server has moved on; the page needs a fresh start.